 Dungeon Crawl Stone Soup version 0.31.0-32-g396128a36d (webtiles) character file.

Game seed: 7633808962091466833

59 CougarLife the Trooper (level 3, 32/33 HPs)
             Began as a Minotaur Fighter on Mar 13, 2024.
             Quit the game on level 2 of the Dungeon.
             The game lasted 00:01:16 (1406 turns).

CougarLife the Trooper (Minotaur Fighter)           Turns: 1406, Time: 00:01:17

Health: 32/33      AC:  7    Str: 22    XL:     3   Next: 78%
Magic:  2/2        EV:  9    Int:  5    God:
Gold:   78         SH:  4    Dex:  9    Spells: 2/2 levels left

rFire   . . .        a - +0 war axe
rCold   . . .        c - +0 buckler
rNeg    . . .        b - +0 scale mail
rPois   .            (helmet restricted)
rElec   .            (no cloak)
rCorr   .            (no gloves)
SInv    .            (no boots)
Will    .....        (no amulet) Stlth
                     (no ring)
HPRegen 0.25/turn    (no ring)
MPRegen 0.08/turn

%: no passive effects
@: no status effects
A: horns 2, retaliatory headbutt
a: no special abilities


You were on level 2 of the Dungeon.
You visited 1 branch of the dungeon, and saw 2 of its levels.

You collected 78 gold pieces.

Inventory:

Hand Weapons
 a - a +0 war axe (weapon)
Armour
 b - a +0 scale mail (worn)
 c - a +0 buckler (worn)
Jewellery
 j - a ring of flight
Scrolls
 e - a scroll of fear {unknown}
 f - 2 scrolls of poison {unknown}
 g - 2 scrolls of identify {unknown}
Potions
 d - a potion of might
 h - 2 potions of curing {unknown}
 i - a potion of mutation {unknown}
 k - a potion of enlightenment {unknown}


   Skills:
 + Level 4.2 Fighting
 * Level 3.9 Axes
 - Level 4.0 Armour
 - Level 4.0 Shields


You had 2 spell levels left.
You didn't know any spells.
Your spell library contained the following spells:

 Spells                   Type           Power      Damage    Failure   Level
 Ozocubu's Armour         Ice            0%         N/A       99%         3
 Metabolic Englaciation   Hex/Ice        0%         N/A       100%        5
 Sculpt Simulacrum        Ice/Alch       0%         N/A       100%        6


Dungeon Overview and Level Annotations

Branches:
Dungeon (2/15)

Altars:

Shops:
D:2 [


Innate Abilities, Weirdness & Mutations

You have a pair of horns on your head.
You reflexively headbutt those who attack you in melee.


Message History

No target in view!
Nothing quivered!
No target in view!
Nothing quivered!
No target in view!
Key pressed, stopping explore.
Nothing quivered!
No target in view!
A kobold comes into view. It is wielding a +0 dagger.
The kobold shouts!
Nothing quivered!
A kobold is nearby!
Nothing quivered!
You hit the kobold.
The kobold is moderately wounded.
The kobold hits you but does no damage.
A kobold is nearby!
You barely miss the kobold.
The kobold is moderately wounded.
The kobold barely misses you. x2
Nothing quivered!
A kobold is nearby!
You slash the kobold!
You kill the kobold!
Nothing quivered!
You see here a +0 dagger.
As you open the door, it creaks loudly!
You hear a shout!
Found a runed mace.
No target in view!
Nothing quivered!
Found 4 stones.
A kobold comes into view. It is wielding a +0 dagger.
There is an open door here.
The kobold throws a stone.
The stone hits you.
Nothing quivered!
A kobold is nearby!
A kobold is nearby!
The kobold throws a stone.
The stone hits you but does no damage.
Nothing quivered!
Are you sure you want to abandon this character and quit the game? (Confirm with "yes".)

#.# ##.## #.........#
#.###.##### #.# #.........#
#.........# #.# ##.......##
#.#.#.#.#.# ##+## ##.....##
#.#.#.#.# ##...## ##...## #
#.#.#)# ##.....## ##.##
#.#.#.# ##.......## ##.###
#.#.....###......(..####....#
..........'...@K....+.......#
#.#.....###.........####....#
.....#..# ##.).....## ##.#.#
###.###.# ##.....## ###.# #.#
##. ##...## #.# ## # ##+##
#.# #.# #.# ##.####### #.#
#........# #.#


You could see a kobold.

Vanquished Creatures
  2 adders (D:2)
  A ribbon worm (D:2)
  6 endoplasms
  A giant cockroach (D:1)
  6 goblins
  3 hobgoblins (D:2)
  3 jackals (D:1)
  3 kobolds
  A quokka (D:1)
  3 ball pythons
  3 bats
  3 rats (D:1)
35 creatures vanquished.

Notes
Turn   | Place    | Note
-------+----------+-------------------------------------------
     0 | D:1      | CougarLife the Minotaur Fighter began the quest for the
                  | Orb.
     0 | D:1      | Reached XP level 1. HP: 19/19 MP: 0/0
    62 | D:1      | Reached XP level 2. HP: 5/26 MP: 1/1
   994 | D:1      | Reached XP level 3. HP: 33/33 MP: 2/2
  1336 | D:2      | Found Fouti Osk's Armour Emporium.
  1406 | D:2      | Quit the game

Illustrated notes

Levels and vault maps discovered:
D:1:      mrwooster_arrival_statue, layout_loops_corners, hangedman_glass_teeth
D:2:      layout_loops_corners, serial_shops, shop, shop

Skill      XL: |  1  2  3 |
---------------+----------+-----
Armour         | 4 |  4.0
Shields        | 4 |  4.0
Axes           | 3 |  3.9
Fighting       | 4 |  4.2

Action                     || total
---------------------------++-------
  Melee: War axe           ||    70
         Headbutt          ||     7
 Armour: Scale mail        ||    48
  Dodge: Dodged            ||    42
  Block: Buckler           ||    21
